 Dungeon Crawl Stone Soup version 0.17.1-3-g152610e (webtiles) character file.

112 pipel the Insei (level 4, 0/24 HPs)
             Began as a Vine Stalker Monk on Mar 19, 2016.
             Succumbed to a worker ant's poison
             ... on level 5 of the Dungeon.
             The game lasted 00:04:26 (507 turns).

pipel the Insei (Vine Stalker Monk)                  Turns: 507, Time: 00:04:26

Health: 0/24       AC:  2    Str: 13    XL:     4   Next: 93%
Magic:  0/5        EV: 13    Int: 16    God:
Gold:   32         SH:  0    Dex: 17    Spells: 0 memorised, 3 levels left

rFire  . . .     SeeInvis .       - Unarmed
rCold  . . .     Clarity  .     a - +0 robe
rNeg   . . .     SustAt   .     (no shield)
rPois  .         Gourm    .     (no helmet)
rElec  .         Spirit   +     (no cloak)
rCorr  .         Warding  .     (no gloves)
rMut   .         Stasis   .     (no boots)
MR     .....                    (no amulet)
Stlth  ++........               (no ring)
                                (no ring)

@: brilliant, lethally poisoned (0 -> -2), not resistant to hostile
enchantments, unstealthy
A: fangs 2, regeneration 1, magic shield, antimagic bite, no device heal 3, rot
immunity
a: no special abilities


You were on level 5 of the Dungeon.
You were not hungry.

You visited 1 branch of the dungeon, and saw 5 of its levels.

You collected 102 gold pieces.
You spent 70 gold pieces at shops.

Inventory:

Missiles
 c - 12 stones (quivered)
Armour
 a - a +0 robe (worn)
Scrolls
 e - a scroll of blinking {unknown}
 f - a scroll of identify {unknown}
 g - a scroll of teleportation
 h - a scroll of fog
 k - a scroll of recharging {unknown}
Potions
 d - a potion of curing
Comestibles
 b - a bread ration
 i - 4 fruits


   Skills:
 + Level 3.2 Fighting
 + Level 0.3 Throwing
 + Level 3.0 Dodging
 - Level 2.4 Stealth
 + Level 5.2 Unarmed Combat


You had 3 spell levels left.
You didn't know any spells.

Dungeon Overview and Level Annotations

Branches:
Dungeon (5/15)
 Temple: D:4-7

Altars:

Shops:
D:4 ?


Innate Abilities, Weirdness & Mutations

You have extremely sharp teeth.
Your natural rate of healing is unusually fast.
When hurt, damage is shared between your health and your magic reserves.
Your bite disrupts and absorbs the magic of your enemies.
Potions and wands cannot restore your health.
You are immune to rotting.


Message History

The worker ant bites you!
You are poisoned.
The worker ant poisons you!
You hit the worker ant.
You bite the worker ant, but do no damage.
The worker ant is moderately wounded.
You feel sick. The worker ant bites you.
You closely miss the worker ant. Your bite misses the worker ant.
The worker ant is moderately wounded.
The worker ant bites you.
* * * LOW HITPOINT WARNING * * *
Drink which item? (? for menu, Esc to quit)
It was a potion of curing.
You feel better. The worker ant bites you!
* * * LOW HITPOINT WARNING * * *
You are lethally poisoned!
The worker ant poisons you!
Drink which item? (? for menu, Esc to quit)
It was a potion of brilliance.
You feel clever all of a sudden.
You die...

###.##.#.#.#.#####
#.##...........#
####.#....#.......#
.
#....#.####.......#
.. #.####.#
#.......# ... #.#
#.# ###.######....
#.# #.#
#............( #.#
#.# #.............
#.####.#
#.....@a......
.......#
#.............
########
#.............
##########.... ###


You could see a worker ant.

Vanquished Creatures
  A centaur skeleton (D:4)
  An orc wizard (D:2)
  2 adders (D:3)
  A shadow imp (D:5)
  An ooze (D:4)
  2 orcs (D:3)
  A giant cockroach (D:5)
  A hobgoblin (D:1)
  2 jackals (D:3)
  A quokka (D:4)
  3 bats
  3 giant geckos
  A giant newt (D:2)
  2 goblins
  2 kobolds (D:2)
  2 rats (D:2)
26 creatures vanquished.

Notes
Turn   | Place    | Note
--------------------------------------------------------------
     0 | D:1      | pipel the Vine Stalker Monk began the quest for the Orb.
     0 | D:1      | Reached XP level 1. HP: 11/11 MP: 2/2
   169 | D:2      | Reached XP level 2. HP: 13/16 MP: 3/3
   192 | D:2      | Reached XP level 3. HP: 7/19 MP: 2/4
   260 | D:4      | Reached XP level 4. HP: 16/24 MP: 5/5
   285 | D:3      | Reached skill level 5 in Unarmed Combat
   333 | D:4      | Found Kaskovint's Magic Scroll Emporium.
   335 | D:4      | Bought a scroll of teleportation for 42 gold pieces
   335 | D:4      | Bought a scroll of fog for 28 gold pieces
   434 | D:5      | Entered Level 5 of the Dungeon
   506 | D:5      | HP: 1/24 [worker ant (6)]
   507 | D:5      | Succumbed to a worker ant's poison

Action                   |  1- 3 |  4- 6 || total
-------------------------+-------+-------++-------
Melee: Unarmed           |    57 |    46 ||   103
Throw: Stone             |     2 |     1 ||     3
  Use: Potion            |       |     2 ||     2
 Stab: Sleeping          |     2 |     5 ||     7
